 Dungeon Crawl Stone Soup version 0.21.1-1-g345015f (webtiles) character file.

30 Iko the Chiller (level 3, 0/14 HPs)
             Began as a Felid Ice Elementalist on May 3, 2018.
             Was an Initiate of Trog.
             Slain by an iguana (14 damage)
             ... on level 5 of the Dungeon.
             The game lasted 00:08:25 (1023 turns).

Iko the Chiller (Felid Ice Elementalist)            Turns: 1023, Time: 00:08:26

Health: 0/14       AC:  1    Str:  5    XL:     3   Next: 5%
Magic:  16/16      EV: 18    Int: 16    God:    Trog [......]
Gold:   28         SH:  0    Dex: 16    Spells: 4/6 levels left
                                        Lives:  0   Deaths: 0

rFire    . . .     SeeInvis +   (weapon unavailable)
rCold    . . .     Gourm    .   (shield unavailable)
rNeg     . . .     Faith    .   (armour unavailable)
rPois    .         Spirit   .   (helmet unavailable)
rElec    .         Reflect  .   (cloak unavailable)
rCorr    .         Harm     .   (gloves unavailable)
MR       .....                  (boots unavailable)
Stlth    +++.......             (no amulet)
HPRegen  0.04/turn              d - ring of magical power
MPRegen  0.15/turn              (no ring)

@: quick
A: very small, no armour, no weapons or thrown items, stealth, claws 1, fangs 3,
see invisible, carnivore, speed 1, shaggy fur 1, slow metabolism 1, sharp paws
a: Burn Spellbooks, Renounce Religion


You were on level 5 of the Dungeon.
You worshipped Trog.
Trog was noncommittal.
You were not hungry.

You visited 1 branch of the dungeon, and saw 5 of its levels.

You collected 28 gold pieces.

Inventory:

Jewellery
 d - a ring of magical power (left paw)
Potions
 c - a potion of might {unknown}
Books
 a - a book of Frost

   Spells                             Type                      Level
   a - Freeze                         Ice                          1
   b - Throw Frost                    Conjuration/Ice              2
   c - Ozocubu's Armour               Charms/Ice                   3
   d - Throw Icicle                   Conjuration/Ice              4
   e - Summon Ice Beast               Ice/Summoning                4
   Trog disapproves of the use of such an item.
Comestibles
 b - 4 rations


   Skills:
 + Level 3.0 Dodging
 + Level 2.9 Stealth
 + Level 0.4 Unarmed Combat
 - Level 2.4 Spellcasting
 - Level 0.8 Conjurations
 - Level 3.2 Ice Magic


You had 4 spell levels left.
You knew the following spells:

 Your Spells              Type           Power        Failure   Level  Hunger
b - Throw Frost           Conj/Ice       #.....       13%         2    ###....


Dungeon Overview and Level Annotations

Branches:
Dungeon (4/15)
 Temple: D:4-7

Altars:
Trog


Innate Abilities, Weirdness & Mutations

You cannot wear armour.
You are incapable of wielding weapons or throwing items.
Your paws allow you to move quietly. (Stealth)
You have sharp claws.
You have razor-sharp teeth.
You have supernaturally acute eyesight. (SInv)
You are carnivorous and can eat meat at any time.
You cover ground quickly.
You are covered in fur. (AC +1)
You have a slow metabolism.
Your sharp claws are effective at attacking unaware monsters.


Message History

Things that are here:
a dagger; an animal skin You sit before the altar of Trog.
Trog welcomes you!
You can now call upon Trog to burn spellbooks in your surroundings.
There is a shaft here.
You fall through a shaft!
The shaft crumbles and collapses.
You hear the hiss of flowing sand.
There is an entrance to an ossuary on this level.
Hurry and find it before the portal is buried!
A frilled lizard, an iguana and 5 orcs come into view.
An orc wizard is wielding a dagger of venom.
The orc priest shouts!
The orc shouts!
The orc wizard shouts!
The orc shouts!
The orc wizard shouts!
Found a chain mail, 11 arrows and a robe.
The orc wizard mumbles some strange words.
The orc wizard seems to speed up.
The iguana bites you!
Ouch! That really hurt!
You die...

##......#
#..[....#
........#
........###
...l......#
.....o...#
..o..o.o.##
..........#
..(....#@.#
......###l#
...... ..#
...... ..#
...... ...
###.. ....
.....
......


You could see an iguana, an orc priest, 2 orc wizards, an orc and a frilled
lizard.

Vanquished Creatures
  An adder (D:2)
  A worm (D:3)
  A dart slug (D:1)
  3 leopard geckos
  4 goblins
  A hobgoblin (D:2)
  A quokka (D:2)
  A bat (D:2)
  A rat (D:2)
14 creatures vanquished.

Notes
Turn   | Place    | Note
-------+----------+-------------------------------------------
     0 | D:1      | Iko the Felid Ice Elementalist began the quest for the Orb.
     0 | D:1      | Reached XP level 1. HP: 7/7 MP: 4/4
   232 | D:1      | Reached XP level 2. HP: 7/11 MP: 1/6
   712 | D:3      | Reached XP level 3. HP: 3/14 MP: 2/7
   865 | D:4      | Learned a level 2 spell: Throw Frost
   988 | D:4      | Found a bloodstained altar of Trog.
   997 | D:4      | Became a worshipper of Trog the Wrathful
  1019 | D:4      | You fall through a shaft!
  1019 | D:5      | Entered Level 5 of the Dungeon
  1023 | D:5      | Slain by an iguana

Skill      XL: |  1  2 |
---------------+-------+-----
Ice Magic      | 3 |  3.2
Dodging        | 3 |  3.0
Stealth        | |  2.9
Unarmed Combat | |  0.4
Spellcasting   | |  2.4
Conjurations   | |  0.8

Action                   || total
-------------------------++-------
Melee: Unarmed           ||    51
       Bite              ||     5
 Cast: Freeze            ||    15
  Use: Scroll            ||     4
       Potion            ||     2
Armor: Skin              ||     2
Dodge: Dodged            ||    45
